 Dungeon Crawl Stone Soup version 0.23.0 (webtiles) character file.

Game seed: 7875647843832318671

440 Lanoc the Skirmisher (level 6, -3/49 HPs)
             Began as a Demonspawn Chaos Knight on Feb 10, 2019.
             Was a Plaything of Xom.
             Slain by a shadow (31 damage)
             ... summoned by the capriciousness of Xom
             ... in the Ecumenical Temple.
             The game lasted 00:08:32 (4364 turns).

Lanoc the Skirmisher (Demonspawn Chaos Knight)      Turns: 4364, Time: 00:08:33

Health: -3/49      AC:  9    Str: 14    XL:     6   Next: 70%
Magic:  6/6        EV: 12    Int: 14    God:    Xom [.*....]
Gold:   162        SH:  0    Dex: 12    Spells: 5/5 levels left

rFire    . . .     SeeInvis .   a - +0 falchion (chaos)
rCold    . . .     Gourm    .   (no shield)
rNeg     . . .     Faith    .   b - +2 leather armour
rPois    +         Spirit   .   (helmet restricted)
rElec    .         Reflect  .   (no cloak)
rCorr    .         Harm     .   (no gloves)
MR       .....     Clarity  +   (no boots)
Stlth    ++........             (no amulet)
HPRegen  0.16/turn              s - ring of flight
MPRegen  0.10/turn              (no ring)

@: no status effects
A: antennae 1, slimy green scales 3, clarity, nightstalker 1, sense surroundings
1
a: Renounce Religion, Evoke Flight


You were in the Ecumenical Temple.
You worshipped Xom.
You were a plaything of Xom.
You were hungry.

You visited 2 branches of the dungeon, and saw 6 of its levels.

You collected 162 gold pieces.

Inventory:

Hand Weapons
 a - a +0 falchion of chaos (weapon)
Missiles
 m - 7 tomahawks of returning (quivered)
Armour
 b - a +2 leather armour (worn)
Jewellery
 s - a ring of flight (left hand)
Wands
 k - a wand of paralysis (9)
 q - a wand of digging (4)
Scrolls
 e - 3 scrolls of enchant weapon {unknown}
 f - 5 scrolls of remove curse {unknown}
 g - 2 scrolls of noise {unknown}
 h - a scroll of teleportation {unknown}
 i - a scroll of blinking
 j - 2 scrolls of amnesia
 l - 2 scrolls of magic mapping {unknown}
 n - 3 scrolls of immolation {unknown}
 u - a scroll of fog {unknown}
 y - 3 scrolls of enchant armour {unknown}
Potions
 d - 2 potions of flight {unknown}
 o - a potion of heal wounds
 p - a potion of invisibility
 r - a potion of resistance
 t - a potion of curing {unknown}
 v - 3 potions of agility {unknown}
 w - a potion of brilliance {unknown}
 x - 2 potions of magic
Comestibles
 c - 13 rations
 z - a chunk of flesh


   Skills:
 + Level 4.5 Fighting
 * Level 4.5 Long Blades
 + Level 3.4 Armour
 + Level 3.0 Dodging


You had 5 spell levels left.
You didn't know any spells.
Your spell library was empty.

Dungeon Overview and Level Annotations

Branches:
Dungeon (5/15)             Temple (1/1) D:5

Altars:
Ashenzari
Cheibriados
Dithmenos
Elyvilon
Makhleb
Okawaru
Qazlal
Trog
Uskayaw
Vehumet
Xom
Yredelemnul
The Shining One

Annotations:
D:3 1 transporter, Lanoc's ghost, amateur DsMo


Innate Abilities, Weirdness & Mutations

You have a pair of small antennae on your head.
You are completely covered in slimy green scales. (AC +4, rPois)
You are slightly more attuned to the shadows.
You possess an exceptional clarity of mind.
You passively map a small area around you.


Message History

Sand pours from your nose.
Found an iron altar of Okawaru.
There is a shimmering altar of Xom here.
There is a fountain of clear blue water here.
You hear Xom's maniacal laughter.
Flickering shadows surround you.
You are now a plaything of Xom.
There are monsters nearby!
The shadow closely misses you.
You are feeling hungry.
You barely miss the shadow. The shadow hits you!
The shadow slips into darkness.
The shadow flickers and vanishes!
Deactivating autopickup; reactivate with Ctrl-A.
You hit the shadow.
The shadow is lightly damaged.
The shadow hits you.
The shadow strikes at you from the darkness!
Ouch! That really hurt!
You die...

* * * * ≈ ≈ ≈ ≈≈ ≈ ≈≈≈≈≈§§≈§≈§§§≈
≈ §≈≈≈§≈§≈§≈§§§§≈≈ ≈ ≈
≈§§§≈≈≈§≈≈≈§§§§§≈ ≈
≈§§≈≈§≈§≈§§≈≈§§§≈§≈ ≈
≈≈§≈≈≈≈≈≈≈§§≈≈§≈§≈≈ ≈ ≈ ≈
≈≈≈≈§≈§≈§§≈≈§{§§§§§≈≈≈§§§§ ≈
≈≈≈≈§≈≈§§§§W@.§≈§§≈≈≈≈≈≈§≈ ≈
≈≈≈≈≈§≈§≈≈§...§§§§≈≈§§≈≈≈ ≈
≈§≈≈≈≈≈≈§≈..§....≈§§≈≈≈≈≈≈§
§§≈§≈≈≈≈≈≈...§.....≈≈§§≈≈≈≈≈ ≈
§≈≈≈≈≈≈§≈.....<.....≈§§§§≈≈§§§≈
≈§§≈≈§≈≈≈≈.............§≈§§≈§≈≈§§
§§§≈≈≈§≈§..§............≈≈≈≈§§§≈≈
§≈§≈§§§≈................§§§≈§§§§§
≈≈≈≈§≈≈.................§.≈≈≈§§≈≈


You could see a shadow.

Vanquished Creatures
  A hound (D:5)
  2 bullfrog skeletons (D:5)
  A centaur skeleton (D:4)
  2 iguanas
  Natasha (thrice) (D:3)
  2 worker ants
  A gnoll (D:1)
  4 adders (D:4)
  An adder skeleton (D:5)
  4 worms (D:2)
  6 dart slugs
  4 leopard geckos
  An orc (D:3)
  A ball python (D:3)
  2 giant cockroaches
  7 goblins
  3 hobgoblins
  10 jackals
  11 kobolds
  2 quokkas
  6 bats
  5 frilled lizards
  A jackal skeleton (D:4)
  A leopard gecko skeleton (D:4)
  2 quokka skeletons (D:4)
  5 rats
88 creatures vanquished.

Notes
Turn   | Place    | Note
-------+----------+-------------------------------------------
     0 | D:1      | Lanoc the Demonspawn Chaos Knight began the quest for the
                  | Orb.
     0 | D:1      | Reached XP level 1. HP: 18/18 MP: 1/1
    73 | D:1      | Reached skill level 1 in Dodging
   118 | D:1      | Gained mutation: You are slightly more attuned to the
                  | shadows. [demonic ancestry]
   118 | D:1      | Reached XP level 2. HP: 7/24 MP: 2/2
   131 | D:1      | XOM: harmless Necr miscast
   341 | D:1      | XOM: 2-stop teleportation journey
   670 | D:1      | Gained mutation: You have a pair of small antennae on your
                  | head. [demonic ancestry]
   670 | D:1      | Reached XP level 3. HP: 18/29 MP: 3/3
  1027 | D:2      | XOM: mild Tmut miscast
  1033 | D:2      | Found a shattered altar of Ashenzari.
  1033 | D:2      | XOM: 1-stop teleportation journey
  1043 | D:2      | XOM: confusion
  1044 | D:2      | XOM: fog
  1273 | D:2      | Gained mutation: You are partially covered in slimy green
                  | scales. (AC +2) [demonic ancestry]
  1273 | D:2      | Reached XP level 4. HP: 29/36 MP: 4/4
  1308 | D:2      | XOM: harmless Air miscast
  1362 | D:2      | XOM: noise
  1518 | D:2      | XOM: cloud trail
  2077 | D:3      | Found a snail-covered altar of Cheibriados.
  2092 | D:3      | Noticed Natasha
  2101 | D:3      | Killed Natasha
  2106 | D:3      | XOM: harmless Conj miscast
  2211 | D:3      | Noticed an ogre
  2213 | D:3      | Found a transporter.
  2213 | D:3      | Noticed Lanoc's ghost (amateur DsMo)
  2213 | D:3      | Identified the +2 great mace "Rieptett" {flame, Str+3}
  2213 | D:3      | Noticed an ogre
  2242 | D:3      | Gained mutation: You are mostly covered in slimy green
                  | scales. (AC +3) [demonic ancestry]
  2242 | D:3      | Reached XP level 5. HP: 42/42 MP: 5/5
  2254 | D:3      | Noticed Natasha
  2259 | D:3      | XOM: potion effect (might)
  2260 | D:3      | Killed Natasha
  2297 | D:3      | Noticed Natasha
  2306 | D:3      | Killed Natasha
  2363 | D:3      | XOM: harmless Pois miscast
  2727 | D:3      | XOM: god gift: 42 gold pieces
  2837 | D:3      | XOM: scenery: 3 doors close
  2932 | D:4      | XOM: 4-stop teleportation journey
  2998 | D:4      | XOM: give mutations
  2998 | D:4      | Gained mutation: You are robust. (+10% HP) [Xom's grace]
  2998 | D:4      | Gained mutation: You passively map a small area around you.
                  | [Xom's grace]
  2998 | D:4      | Gained mutation: You possess an exceptional clarity of
                  | mind. [Xom's grace]
  3084 | D:4      | XOM: 1-stop teleportation journey
  3107 | D:4      | XOM: 4-stop teleportation journey
  3217 | D:4      | Found a white marble altar of Elyvilon.
  3344 | D:4      | Gained mutation: You are completely covered in slimy green
                  | scales. (AC +4, rPois) [demonic ancestry]
  3344 | D:4      | Reached XP level 6. HP: 52/52 MP: 6/6
  3535 | D:5      | XOM: noise
  3535 | D:5      | Entered Level 5 of the Dungeon
  3538 | D:5      | XOM: smoke on damage
  3566 | D:5      | XOM: smoke on damage
  3566 | D:5      | XOM: torment (20/52 hp)
  3602 | D:5      | XOM: give mutations
  3602 | D:5      | Gained mutation: You are dopey. (Int -2) [Xom's mischief]
  3602 | D:5      | Gained mutation: You are weak. (Str -2) [Xom's mischief]
  3855 | D:5      | XOM: give mutations
  3855 | D:5      | Lost mutation: You are weak. (Str -2) [Xom's mischief]
  3855 | D:5      | Lost mutation: You are dopey. (Int -2) [Xom's mischief]
  3855 | D:5      | Lost mutation: You are robust. (+10% HP) [Xom's mischief]
  3904 | D:5      | Found a stormy altar of Qazlal.
  4234 | D:5      | Found a staircase to the Ecumenical Temple.
  4264 | Temple   | Entered the Ecumenical Temple
  4316 | Temple   | XOM: mild Erth miscast
  4361 | Temple   | XOM: medium Necr miscast
  4362 | Temple   | Noticed a shadow
  4362 | Temple   | Noticed a shadow
  4364 | Temple   | Slain by a shadow

Skill      XL: |  1  2  3  4  5  6 |
---------------+-------------------+-----
Dodging        | 1 2 3 |  3.0
Armour         | 2 3 |  3.4
Long Blades    | 3 4 |  4.5
Fighting       | 4 |  4.5

Action                   |  1- 3 |  4- 6 || total
-------------------------+-------+-------++-------
Melee: Falchion          |    74 |   259 ||   333
  Use: Potion            |     1 |       ||     1
       Scroll            |       |     8 ||     8
 Stab: Sleeping          |     5 |    13 ||    18
       Paralysed         |     2 |     4 ||     6
       Distracted        |     1 |       ||     1
       Invisible         |     1 |       ||     1
       Petrified         |       |     7 ||     7
  Eat: Chunk             |     1 |    10 ||    11
Armor: Leather armour    |    18 |   118 ||   136
Dodge: Dodged            |    51 |   162 ||   213
       Rpst.: Falchion   |    15 |    42 ||    57
